 Dungeon Crawl Stone Soup version 0.21-a0-55-gb612c23 (webtiles) character file.

2701 xgamer67 the Slinger (level 9, -2/72 HPs)
             Began as a Gnoll Arcane Marksman on June 14, 2017.
             Slain by a killer bee (7 damage)
             ... on level 7 of the Dungeon.
             The game lasted 00:36:57 (10727 turns).

xgamer67 the Slinger (Gnoll Arcane Marksman)       Turns: 10727, Time: 00:36:58

Health: -2/72      AC:  7    Str: 12    XL:     9   Next: 65%
Magic:  13/13      EV: 16    Int: 13    God:
Gold:   360        SH:  5    Dex: 15    Spells: 1/14 levels left

rFire    . . .     SeeInvis .   b - +2 dagger (elec)
rCold    . . .     Gourm    .   D - +0 buckler
rNeg     . . .     Faith    .   j - +0 leather armour
rPois    .         Spirit   .   v - +1 helmet
rElec    .         Reflect  .   L - +0 cloak
rCorr    .         Harm     .   (no gloves)
MR       .....                  (no boots)
Stlth    ++++......             (no amulet)
HPRegen  0.22/turn              I - ring of stealth
MPRegen  0.13/turn              (no ring)

@: about to teleport, hasted, very quick
A: short attention span, fangs 1, strong nose
a: no special abilities


You were on level 7 of the Dungeon.
You were not hungry.

You visited 2 branches of the dungeon, and saw 8 of its levels.

You collected 360 gold pieces.

Inventory:

Hand Weapons
 a - a +1 hunting sling
 b - a +2 dagger of electrocution (weapon)
 c - a +0 blowgun
 K - a +0 falchion of slicing
Missiles
 d - 21 sling bullets
 g - 166 stones
 m - 12 tomahawks (quivered)
 r - 60 poisoned needles
Armour
 j - a +0 leather armour (worn)
 v - a +1 helmet (worn)
 A - a +0 plate armour
 D - a +0 buckler (worn)
 J - a +2 chain mail of positive energy
 L - a +0 cloak (worn)
 O - a cursed -2 chain mail
Jewellery
 o - a +3 ring of intelligence
 I - a ring of stealth (left hand)
Wands
 e - a wand of flame (21/48)
 G - a wand of confusion (16/48)
 H - a wand of paralysis (13/24)
 N - a wand of random effects (11/48)
Scrolls
 h - 2 scrolls of teleportation
 k - a scroll of magic mapping
 n - a scroll of immolation {unknown}
 t - a scroll of random uselessness {unknown}
 y - a scroll of blinking {unknown}
 B - a scroll of recharging {unknown}
Potions
 i - a potion of degeneration {unknown}
 l - a potion of curing
 s - 2 potions of agility
 u - 3 potions of flight
 x - a potion of brilliance
 z - a potion of cancellation
 C - a potion of mutation {unknown}
 E - 2 potions of haste
Books
 M - a book of Changes

   Spells                             Type                      Level
   a - Beastly Appendage              Transmutation                1
   b - Sticks to Snakes               Transmutation                2
   c - Spider Form                    Transmutation/Poison         3
   d - Ice Form                       Ice/Transmutation            4
   e - Blade Hands                    Transmutation                5
Comestibles
 f - 5 bread rations
 p - 3 royal jellies
 q - 3 fruits
 w - 2 meat rations


   Skills:
 - Level 7.0 Fighting
 - Level 9.0 Slings
 + Level 4.6 Armour
 + Level 7.8 Dodging
 + Level 4.7 Stealth
 - Level 4.1 Shields
 - Level 3.0 Spellcasting
 - Level 8.0 Hexes
 - Level 3.1 Translocations
 - Level 3.4 Fire Magic


You had one spell level left.
You knew the following spells:

 Your Spells              Type           Power        Failure   Level  Hunger
a - Corona                Hex            ###....      1%          1    #......
b - Slow                  Hex            ###.....     1%          2    ###....
c - Inner Flame           Hex/Fire       ###.....     9%          3    ###....
d - Cause Fear            Hex            ###.......   11%         4    #####..
e - Portal Projectile     Hex/Tloc       ###...       9%          3    ###....


Dungeon Overview and Level Annotations

Branches:
Dungeon (7/15)             Temple (1/1) D:4

Altars:
Ashenzari
Cheibriados
Dithmenos
Fedhas
Gozag
Hepliaklqana
Kikubaaqudgha
Makhleb
Nemelex Xobeh
Qazlal
Sif Muna
Trog
Uskayaw
Vehumet
Wu Jian
Xom
Zin
The Shining One

Annotations:
D:2 Sigmund


Innate Abilities, Weirdness & Mutations

You have a short attention span.
You have very sharp teeth.
Your uncanny sense of smell can sniff out nearby items.


Message History

As you read the scroll of teleportation, it crumbles to dust.
You feel strangely unstable.
The killer bee stings you but does no damage.
The killer bee closely misses you.
You miss the killer bee.
The killer bee is moderately wounded.
The killer bee completely misses you. The killer bee barely misses you.
You block the killer bee's attack. The killer bee closely misses you.
You hit the killer bee. Your bite misses the killer bee.
The killer bee is severely wounded.
You block the killer bee's attack. The killer bee barely misses you.
You barely miss the killer bee.
The killer bee is severely wounded.
The killer bee misses you. The killer bee closely misses you.
You closely miss the killer bee.
The killer bee is severely wounded.
The killer bee stings you.
* * * LOW HITPOINT WARNING * * *
The killer bee stings you!
You die...

......).......+...#....<...o.....
..............#...#.......####...
..............#...#.......+..####
.........######...#..(y...#......
#####....#........#.y.....#......
#...#....#........#....y..#......
#...#....#........+.......#......
#...#....#........#....(..##'##..
#...#....'.....y@.#...........#..
#..##....######y###...........#..
#..###'#.........yy..#####....'..
#......+.............+ #....#..
#......#.............# #....#..
#......#.............# #....#..
.......#.............# #....#..
#+######.............###+#....###
#..#.....#+####+###........####..


You could see 2 killer bees.

Vanquished Creatures
  A hungry ghost (D:7)
  An ice beast (D:5)
  3 orc warriors
  6 ogres
  2 big kobolds
  3 bullfrogs
  Blork the orc (D:5)
  2 scorpions
  3 killer bees (D:7)
  A howler monkey (D:6)
  A centaur zombie (D:7)
  3 crimson imps (D:5)
  2 hounds
  4 orc priests
  A jelly (D:7)
  5 orc wizards
  2 bullfrog skeletons (D:6)
  Jessica (D:3)
  2 iguanas
  5 worker ants
  A hound zombie (D:7)
  A worker ant zombie (D:5)
  Robin (D:2)
  7 adders
  3 shadow imps
  2 oozes
  2 adder skeletons
  4 worms
  8 leopard geckos
  22 orcs
  5 giant cockroaches
  14 goblins
  12 hobgoblins
  8 jackals
  15 kobolds
  3 quokkas
  10 bats
  4 frilled lizards
  A jackal zombie (D:7)
  A leopard gecko skeleton (D:4)
  8 rats
181 creatures vanquished.

Vanquished Creatures (others)
  A goblin (D:2)
1 creature vanquished.

Grand Total: 182 creatures vanquished

Notes
Turn   | Place    | Note
-------+----------+-------------------------------------------
     0 | D:1      | xgamer67 the Gnoll Arcane Marksman began the quest for the Orb.
     0 | D:1      | Reached XP level 1. HP: 16/16 MP: 3/3
   261 | D:1      | Reached skill level 4 in Slings
   505 | D:1      | Reached XP level 2. HP: 22/22 MP: 4/4
   512 | D:1      | Learned a level 2 spell: Slow
   857 | D:1      | Reached skill level 5 in Slings
  1073 | D:1      | Reached XP level 3. HP: 24/27 MP: 5/5
  1441 | D:1      | Reached skill level 6 in Slings
  2108 | D:2      | Reached XP level 4. HP: 26/33 MP: 6/6
  2215 | D:2      | Noticed Robin
  2306 | D:2      | Killed Robin
  2313 | D:2      | Reached skill level 7 in Slings
  2488 | D:2      | Noticed Sigmund
  2674 | D:3      | Learned a level 3 spell: Inner Flame
  2815 | D:3      | Found an opulent altar of Gozag.
  2889 | D:3      | Noticed Jessica
  2904 | D:3      | Killed Jessica
  2904 | D:3      | Reached skill level 5 in Hexes
  2904 | D:3      | Reached skill level 1 in Fire Magic
  2904 | D:3      | Reached XP level 5. HP: 38/38 MP: 6/8
  2970 | D:3      | Found a hide-covered altar of Uskayaw.
  2970 | D:3      | Noticed a dagger
  2973 | D:3      | Noticed a dagger
  2993 | D:3      | Noticed an ogre
  3001 | D:3      | Killed an ogre
  3103 | D:3      | Reached XP level 6. HP: 40/46 MP: 10/10
  3159 | D:3      | Learned a level 3 spell: Portal Projectile
  3484 | D:3      | Found a faded altar of an unknown god.
  3856 | D:4      | Reached skill level 1 in Shields
  3856 | D:4      | Reached skill level 1 in Translocations
  4154 | D:4      | Found a staircase to the Ecumenical Temple.
  4166 | Temple   | Entered the Ecumenical Temple
  4625 | D:4      | HP: 1/47 [orc priest/nerve-wracking pain (10)]
  4940 | D:4      | Reached XP level 7. HP: 52/52 MP: 11/11
  5317 | D:4      | Reached skill level 5 in Dodging
  5731 | D:4      | Reached skill level 8 in Slings
  6074 | D:5      | Entered Level 5 of the Dungeon
  6103 | D:5      | Noticed Blork the orc
  6336 | D:5      | Killed Blork the orc
  6336 | D:5      | Reached skill level 5 in Fighting
  6336 | D:5      | Reached XP level 8. HP: 52/62 MP: 12/12
  6347 | D:5      | Learned a level 4 spell: Cause Fear
  6716 | D:5      | Found a burning altar of Makhleb.
  7640 | D:6      | Found a blossoming altar of Fedhas.
  7642 | D:6      | Found a shadowy altar of Dithmenos.
  7659 | D:6      | Found a shadowy altar of Dithmenos.
  8379 | D:6      | Reached XP level 9. HP: 56/72 MP: 13/13
  8810 | D:7      | Found a shattered altar of Ashenzari.
  8869 | D:7      | Found a hazy altar of Hepliaklqana.
  9188 | D:6      | Reached skill level 9 in Slings
  9193 | D:6      | Reached skill level 1 in Armour
  9193 | D:6      | Reached skill level 1 in Stealth
 10727 | D:7      | Slain by a killer bee

Vault maps used:
D:1:      saegor_arrival_simple_c
D:2:      nicolae_overflow_crystal_walls, minmay_joined_circles, uniq_robin,
          uniq_sigmund
D:3:      dancing_weapons_uskayaw, grunt_gozag_breadcrumbs,
          chequers_ecumenical_altar_twisty, minmay_misc_feat_more_columns,
          uniq_jessica
D:4:      minmay_temple_entry_junction, first_bread, hangedman_decor_push
D:5:      makhleb_heckhound_becter, uniq_blork_the_orc
D:6:      chequers_temple_overflow_statue_of_worship, basic_altar, minivault_25
D:7:      lemuel_crystal_altar, ashenzari_conservatory_becter, uniq_menkaure
Temple:   minmay_temple_curvy_loop

Skill      XL: |  1  2  3  4  5  6  7  8  9 |
---------------+----------------------------+-----
Slings         | 4 5 6 7 8 9 |  9.0
Spellcasting   | 2 3 |  3.0
Hexes          | 5 6 7 8 |  8.0
Fire Magic     | 1 2 3 |  3.4
Fighting       | 2 3 5 7 |  7.0
Dodging        | 4 6 7 |  7.8
Shields        | 1 4 |  4.1
Translocations | 1 3 |  3.1
Armour         | 4 |  4.6
Stealth        | 4 |  4.7

Action                   |  1- 3 |  4- 6 |  7- 9 || total
-------------------------+-------+-------+-------++-------
Melee: Unarmed           |    39 |       |       ||    39
       Club              |   126 |       |       ||   126
       Bite              |    10 |    11 |    24 ||    45
       Mace              |    14 |    65 |       ||    79
       Falchion          |       |    45 |    50 ||    95
       Dagger            |       |       |   250 ||   250
 Fire: Hunting sling     |    31 |   129 |   275 ||   435
 Cast: Slow              |       |       |     4 ||     4
       Cause Fear        |       |       |     1 ||     1
  Use: Scroll            |     1 |       |    11 ||    12
       Potion            |       |     4 |    11 ||    15
 Stab: Sleeping          |       |       |     5 ||     5
       Distracted        |       |       |     1 ||     1
  Eat: Chunk             |     4 |     5 |    18 ||    27
       Fruit             |       |     3 |     1 ||     4
       Royal jelly       |       |       |     1 ||     1
Armor: Robe              |    40 |       |       ||    40
       Leather armour    |     7 |    49 |    52 ||   108
Dodge: Dodged            |   186 |   119 |   244 ||   549
Block: Buckler           |       |     4 |    72 ||    76
       Rpst.: Falchion   |       |    13 |     6 ||    19
